Map: [ESL] Tropical Sacrifice

Players

ShoWTimE

  • Race: Protoss Protoss
  • Spawn Location: 7:00

Solar - Winner!

  • Race: Zerg Zerg
  • League: Master
  • Spawn Location: 1:00

Event: HomeStory Cup XXI

VOD

Have the link to the VOD?

Description

Time

  • Played on: July 23, 2022, 2:40 p.m.
  • Length: 15:59

All games in this series

Show
View Real Time Build Order
Export as new Build Order

ShoWTimE Protoss 

Build Orders: 1 Gate Expand, Oracle Opening 

Get SALT Encoding   

  12  0:00  Probe  
  13  0:12  Probe  
  14  0:19  Pylon  
  14  0:24  Probe  
  15  0:37  Probe (Chrono Boost)  
  15  0:41  Gateway  
  16  0:47  Probe (Chrono Boost), Assimilator  
  17  0:52  Probe (Chrono Boost)  
  18  1:03  Probe  
  19  1:15  Probe  
  20  1:25  Nexus  
  20  1:28  Probe  
  21  1:39  Cybernetics Core  
  21  1:44  Assimilator  
  21  1:48  Probe  
  22  1:55  Pylon  
  22  2:00  Probe  
  23  2:13  Probe (Chrono Boost)  
  24  2:16  Adept  
  24  2:18  Stargate  
  26  2:24  Probe (Chrono Boost)  
  26  2:25  Warp Gate  
  27  2:30  Probe (Chrono Boost)  
  28  2:37  Probe (Chrono Boost)  
  30  2:46  Stalker, Probe x2 (Chrono Boost)  
  33  2:51  Probe (Chrono Boost)  
  33  2:52  Probe  
  35  2:59  Oracle (Chrono Boost)  
  35  3:03  Probe  
  35  3:04  Probe  
  40  3:08  Pylon  
  40  3:16  Probe x2  
  42  3:21  Gateway  
  42  3:26  Oracle (Chrono Boost)  
  42  3:28  Probe x2  
  47  3:46  Nexus  
  47  3:48  Pylon  
  47  3:51  Probe  
  47  3:52  Probe  
  49  3:57  Oracle (Chrono Boost), Assimilator  
  52  4:03  Assimilator  
  52  4:04  Probe  
  52  4:06  Probe  
  54  4:16  Probe  
  55  4:18  Probe, Twilight Council  
  56  4:25  Forge  
  56  4:28  Probe  
  56  4:30  Probe  
  58  4:37  Pylon, Adept  
  60  4:40  Adept  
  60  4:45  Blink  
  62  4:51  Gateway  
  62  4:54  Protoss Ground Weapons Level 1 (Chrono Boost)  
  62  4:56  Probe x2 (Chrono Boost)  
  62  4:58  Probe (Chrono Boost)  
  65  5:05  Gateway  
  65  5:06  Probe x2 (Chrono Boost)  
  68  5:07  Probe (Chrono Boost)  
  68  5:11  Probe x2 (Chrono Boost)  
  68  5:12  Sentry x2, Probe (Chrono Boost)  
  75  5:18  Pylon  
  75  5:22  Probe x2  
  75  5:24  Probe  
  78  5:34  Probe x2  
  80  5:36  Probe  
  80  5:38  Shield Battery  
  80  5:39  Oracle  
  83  5:46  Probe, Gateway  
  83  5:48  Gateway  
  83  5:51  Gateway  
  83  5:53  Stalker x2  
  85  5:59  Probe x3  
  85  6:02  Pylon  
  86  6:11  Probe  
  86  6:17  Oracle (Chrono Boost)  
  86  6:18  Nexus  
  90  6:20  Pylon  
  90  6:25  Probe x2  
  92  6:27  Gateway  
  92  6:30  Photon Cannon  
  94  6:40  Probe x2  
  94  6:41  Pylon  
  94  6:43  Protoss Ground Weapons Level 2 (Chrono Boost), Shield Battery  
  94  6:46  Oracle (Chrono Boost)  
  94  6:47  Stalker x4  
  94  6:53  Stalker x2  
  109  7:00  Charge, Pylon  
  109  7:01  Pylon  
  109  7:09  Probe x3  
  109  7:13  Photon Cannon  
  112  7:16  Pylon  
  112  7:21  Probe x3, Oracle (Chrono Boost)  
  112  7:25  Stalker  
  112  7:26  Stalker x3  
  123  7:30  Probe  
  123  7:33  Probe  
  123  7:34  Gateway  
  123  7:35  Gateway  
  125  7:44  Stalker x4  
  133  7:48  Probe x2  
  133  7:49  Pylon  
  135  7:52  Photon Cannon  
  135  8:08  Stalker x2  
  135  8:09  Stalker x3  
  131  8:23  Zealot  
  131  8:24  Zealot x2  
  131  8:25  Probe  
  138  8:35  Zealot x7  
  138  8:37  Nexus  
  138  8:38  Pylon  
  138  8:39  Templar Archives  
  152  8:46  Pylon  
  152  8:55  Probe x3  
  141  8:57  Probe  
  141  8:58  Assimilator  
  141  8:59  Zealot x10  
  141  9:00  Protoss Ground Weapons Level 3 (Chrono Boost)  
  141  9:02  Assimilator  
  162  9:03  Photon Cannon  
  162  9:05  Photon Cannon  
  162  9:07  Shield Battery  
  162  9:16  Gateway  
  162  9:18  Gateway  
  162  9:21  Pylon  
  162  9:22  Pylon  
  162  9:28  Photon Cannon  
  144  9:38  Zealot x2  
  144  9:39  Zealot x8  
  144  9:45  Photon Cannon, Forge  
  158  9:49  Robotics Facility  
  158  9:52  Robotics Facility  
  156  9:58  Probe x5  
  161  10:10  Probe x2  
  161  10:11  High Templar x6, Zealot x4  
  183  10:17  Gateway  
  183  10:18  Archon x3  
  183  10:23  Gateway  
  171  10:33  Stalker x4  
  171  10:34  Probe x4 (Chrono Boost)  
  163  10:37  Psionic Storm  
  145  10:43  Probe (Chrono Boost)  
  145  10:45  Probe (Chrono Boost)  
  145  10:46  Probe x3 (Chrono Boost)  
  147  10:51  Probe x4 (Chrono Boost)  
  147  10:52  Pylon, Probe (Chrono Boost)  
  147  10:56  Assimilator  
  152  11:00  Probe x4, Assimilator  
  152  11:02  Probe  
  152  11:03  High Templar  
  152  11:04  High Templar  
  161  11:08  High Templar  
  163  11:12  Probe x3  
  163  11:13  Probe  
  163  11:14  Probe, Zealot x2  
  163  11:15  Zealot x5  
  182  11:19  High Templar  
  182  11:24  Probe x3  
  187  11:26  Assimilator  
  187  11:27  Probe  
  187  11:30  Assimilator  
  187  11:31  Photon Cannon  
  188  11:36  Probe  
  186  11:40  Zealot x7  
  188  11:47  Stalker x2  
  170  11:56  Zealot x3  
  147  12:01  Zealot x2  
  147  12:02  Zealot x3  
  157  12:11  Probe, High Templar x4  
  157  12:12  Probe  
  157  12:13  Probe x2  
  157  12:15  Immortal (Chrono Boost)  
  169  12:16  Archon x2  
  169  12:18  Observer (Chrono Boost)  
  174  12:26  Protoss Shields Level 1 (Chrono Boost)  
  174  12:35  Zealot x3  
  174  12:36  Protoss Ground Armor Level 1 (Chrono Boost)  
  175  12:46  Immortal  
  175  12:47  Immortal, Zealot  
  175  12:49  Nexus  
  185  12:56  High Templar x6  
  189  12:59  Pylon  
  189  13:00  Archon x3  
  189  13:01  Pylon  
  189  13:02  High Templar  
  181  13:07  Shield Battery  
  181  13:08  High Templar  
  181  13:09  Photon Cannon  
  183  13:17  Zealot x4  
  184  13:31  Zealot x6  
  186  13:38  Zealot x5  
  190  13:42  Zealot  
  190  13:43  Probe x2  
  190  13:44  Probe x2  
  190  13:45  Probe  
  170  13:55  Probe x2  
  170  13:56  Probe x2  
  170  13:57  Probe  
  170  13:58  High Templar x8  
  170  13:59  High Templar  
  170  14:02  Archon x3  
  190  14:03  Archon  
  190  14:07  Probe  
  190  14:08  Probe x3  
  190  14:09  Probe  
  195  14:10  Immortal (Chrono Boost)  
  195  14:16  Zealot x2  
  195  14:17  Nexus  
  200  14:18  Observer (Chrono Boost), Pylon  
  200  14:20  Probe  
  200  14:21  Zealot  
  198  14:32  Zealot  
  198  14:35  Zealot  
  198  14:36  Zealot x2  
  193  14:42  Zealot x3  
  193  14:45  Probe  
  195  14:48  Immortal x2  
  195  14:52  Zealot x2  
  172  14:58  Zealot x3  
  144  15:09  Zealot x4  
  139  15:14  Zealot x2  
  139  15:19  Zealot x3  
  137  15:23  Zealot  
  137  15:26  Zealot  
  137  15:28  Observer  
Show
View Real Time Build Order
Export as new Build Order

Solar Zerg - Winner!

Build Orders: Hatch First, Lurkers 

Get SALT Encoding   

  12  0:00  Drone  
  13  0:12  Overlord  
  13  0:17  Drone  
  14  0:31  Drone x2  
  16  0:49  Hatchery  
  15  0:52  Drone  
  15  0:56  Drone  
  17  0:59  Drone  
  18  1:10  Extractor  
  17  1:15  Spawning Pool  
  17  1:18  Drone  
  17  1:21  Drone  
  18  1:28  Drone  
  19  1:38  Drone  
  20  1:50  Overlord  
  20  2:01  Queen x2  
  20  2:02  Zergling x4  
  26  2:11  Drone  
  26  2:12  Drone  
  26  2:15  Metabolic Boost  
  28  2:22  Drone x2  
  30  2:37  Hatchery  
  30  2:40  Drone  
  30  2:46  Queen  
  30  2:51  Overlord  
  32  2:55  Drone  
  32  2:56  Drone  
  34  3:00  Drone  
  34  3:01  Drone  
  36  3:10  Drone x4  
  40  3:13  Drone  
  40  3:19  Queen  
  43  3:22  Overlord  
  43  3:25  Drone  
  44  3:28  Spore Crawler  
  44  3:29  Drone  
  44  3:40  Queen  
  45  3:43  Overlord, Drone x2  
  45  3:48  Evolution Chamber, Zergling x4  
  49  3:50  Drone  
  49  3:54  Queen  
  51  3:57  Drone  
  51  3:59  Overlord  
  51  4:02  Drone  
  53  4:04  Spore Crawler  
  53  4:06  Drone  
  53  4:11  Drone x2  
  53  4:13  Drone x2  
  53  4:14  Drone  
  58  4:21  Zerg Melee Weapons Level 1  
  58  4:23  Drone x4  
  62  4:27  Spore Crawler  
  62  4:28  Drone  
  62  4:34  Baneling Nest, Drone x2  
  63  4:39  Zergling x8  
  63  4:44  Overlord  
  66  4:47  Drone x3  
  66  4:48  Drone  
  66  4:50  Drone x2  
  72  4:54  Drone  
  72  4:57  Drone  
  72  4:58  Overlord  
  74  5:12  Drone x2  
  76  5:15  Zergling x8  
  76  5:16  Zergling x2  
  76  5:19  Extractor  
  79  5:23  Drone x2  
  79  5:24  Drone  
  82  5:29  Lair  
  82  5:30  Overlord  
  82  5:31  Drone  
  82  5:32  Drone, Hatchery  
  82  5:33  Drone x2  
  82  5:34  Extractor, Drone  
  84  5:35  Drone  
  84  5:37  Drone  
  84  5:38  Drone x2  
  84  5:39  Drone  
  84  5:40  Drone  
  89  5:43  Drone  
  89  5:44  Overlord  
  89  5:46  Overlord  
  89  5:47  Overlord  
  89  5:49  Drone  
  89  5:50  Drone  
  89  5:55  Drone  
  89  5:56  Drone  
  89  6:01  Drone  
  86  6:04  Extractor  
  86  6:05  Extractor  
  86  6:06  Zergling x10  
  86  6:09  Roach Warren  
  88  6:13  Zergling x2  
  88  6:15  Zergling x6  
  88  6:17  Zergling x2  
  88  6:18  Zergling x6  
  96  6:21  Zergling x2  
  96  6:24  Overlord  
  97  6:28  Zergling x2  
  98  6:34  Drone  
  98  6:37  Overlord  
  98  6:39  Zergling x2  
  100  6:41  Zerg Melee Weapons Level 2  
  100  6:42  Centrifugal Hooks, Drone x2  
  100  6:43  Evolution Chamber  
  100  6:44  Drone x2  
  100  6:45  Zergling x8  
  107  6:47  Queen  
  107  6:48  Drone  
  107  6:53  Drone x4  
  111  6:57  Spore Crawler, Drone  
  111  6:59  Zergling x2  
  111  7:03  Glial Reconstitution  
  111  7:05  Drone  
  111  7:06  Roach x2  
  116  7:09  Roach x2  
  116  7:10  Roach, Zerg Ground Armor Level 1  
  116  7:11  Drone  
  116  7:12  Overlord  
  123  7:17  Zergling x6  
  123  7:20  Zergling x10  
  123  7:22  Drone x2  
  127  7:24  Queen x3  
  133  7:35  Drone  
  134  7:41  Overlord  
  134  7:43  Infestation Pit  
  133  7:45  Roach x3  
  133  7:48  Zergling x4  
  133  7:49  Zergling x16  
  148  7:52  Hatchery  
  148  7:54  Zergling x8  
  151  7:59  Overlord  
  151  8:00  Zergling x8  
  151  8:01  Zergling x2  
  148  8:06  Roach  
  148  8:11  Zergling x2  
  148  8:12  Zergling x8  
  141  8:15  Zergling x2  
  141  8:16  Extractor, Hydralisk Den  
  141  8:17  Zergling x6  
  126  8:21  Zergling x4  
  126  8:24  Queen  
  126  8:26  Hive, Zergling x4  
  129  8:30  Drone  
  129  8:32  Drone  
  129  8:33  Drone  
  132  8:36  Baneling  
  132  8:37  Drone, Baneling x5  
  132  8:41  Roach  
  135  8:43  Zergling x2  
  135  8:44  Zergling x2  
  135  8:48  Hatchery  
  135  8:49  Zergling x2  
  135  8:53  Zergling x2  
  135  8:54  Zergling x8  
  136  8:58  Zergling x12  
  142  9:04  Grooved Spines  
  142  9:07  Hatchery  
  142  9:08  Overlord, Hydralisk x5  
  150  9:17  Zergling x8  
  150  9:20  Baneling x11  
  150  9:23  Zergling x4  
  155  9:27  Zergling x12  
  161  9:31  Overlord  
  161  9:36  Zergling x12  
  158  9:39  Hydralisk x2  
  158  9:41  Baneling x3, Adrenal Glands  
  158  9:42  Drone x2  
  163  9:48  Zergling x2  
  163  9:51  Hydralisk x3  
  170  9:53  Zergling x4  
  170  9:54  Zerg Missile Weapons Level 1  
  170  9:55  Zerg Melee Weapons Level 3, Zergling x2  
  170  9:57  Baneling x4, Hatchery  
  170  9:58  Baneling x13  
  170  9:59  Baneling  
  172  10:00  Baneling x2  
  172  10:02  Baneling x3  
  172  10:06  Zergling x8  
  176  10:10  Overlord x2  
  176  10:14  Overlord  
  176  10:19  Overlord  
  176  10:22  Overlord  
  176  10:23  Hatchery  
  176  10:24  Hydralisk  
  176  10:25  Hydralisk x2  
  176  10:27  Hydralisk x3  
  173  10:31  Hydralisk x2  
  173  10:35  Zergling x4  
  164  10:37  Hydralisk x2  
  164  10:41  Zergling x6  
  164  10:46  Zergling x8  
  167  10:54  Muscular Augments  
  167  10:59  Zergling x26  
  179  11:08  Baneling x12  
  179  11:10  Baneling x4  
  179  11:11  Baneling x3  
  179  11:12  Zergling x2  
  179  11:15  Zergling x6  
  179  11:17  Hydralisk  
  185  11:20  Zergling x4  
  186  11:26  Baneling  
  186  11:27  Baneling x11  
  186  11:28  Zergling x2  
  186  11:29  Zergling x4  
  186  11:32  Zergling x6  
  192  11:39  Zergling x12  
  190  11:41  Zergling x4  
  190  11:44  Zergling x6  
  190  11:46  Hydralisk  
  188  11:51  Zergling x8  
  188  11:54  Zergling x6  
  189  11:55  Hydralisk  
  189  11:57  Hydralisk  
  178  12:01  Zergling x10  
  178  12:02  Zergling x2  
  178  12:03  Zergling x2  
  178  12:05  Zergling x2  
  178  12:06  Zergling x4  
  173  12:09  Hydralisk x2  
  173  12:12  Zergling x4  
  173  12:14  Baneling x8  
  175  12:26  Zerg Missile Weapons Level 2  
  175  12:28  Lurker Den  
  175  12:29  Baneling x2  
  174  12:30  Zergling x8  
  174  12:33  Zergling x8  
  174  12:36  Zergling x6  
  183  12:46  Drone x3  
  183  12:47  Drone  
  183  12:50  Hatchery  
  186  12:56  Drone  
  182  12:59  Zergling x14  
  182  13:00  Zergling x10  
  182  13:01  Pneumatized Carapace  
  182  13:02  Hatchery  
  182  13:03  Zergling x2  
  193  13:06  Zergling x8  
  193  13:07  Hatchery  
  193  13:08  Zergling x2  
  193  13:09  Zergling x4  
  199  13:14  Hydralisk  
  199  13:15  Zergling x2  
  197  13:20  Extractor  
  197  13:23  Zergling x8  
  197  13:30  Hydralisk x3  
  197  13:32  Zergling x12  
  193  13:35  Hydralisk x2  
  193  13:38  Zergling x2  
  185  13:42  Zergling x4  
  185  13:44  Extractor, Seismic Spines  
  185  13:47  Zergling x10  
  182  13:55  Zergling x4  
  171  14:00  Lurker  
  171  14:01  Lurker x2  
  171  14:05  Drone  
  171  14:06  Drone  
  171  14:07  Drone x2  
  171  14:08  Lurker x8  
  171  14:09  Lurker  
  184  14:10  Zergling x4  
  184  14:11  Zergling x10  
  184  14:13  Zergling x2  
  184  14:14  Zergling x4  
  192  14:17  Zergling x6  
  192  14:21  Hydralisk x2  
  196  14:28  Hydralisk x2  
  186  14:32  Hydralisk  
  186  14:38  Hydralisk x2  
  184  14:41  Adaptive Talons  
  183  14:45  Zergling x10  
  170  14:56  Hydralisk x5  
  177  15:06  Hydralisk x4  
  166  15:07  Zergling x2  
  166  15:09  Zergling x4  
  166  15:10  Zergling x2  
  169  15:14  Zergling x2  
  169  15:15  Zergling x6  
  169  15:17  Zergling x4  
  170  15:22  Zergling x6  
  170  15:25  Hydralisk x2  
  170  15:26  Zergling x2  
Tags
 
Add a new tag
Caveats
  • Supply blocks, unpowered buildings, or Contaminate may cause inaccurate times.
  • Supply counts are checked every 10 seconds.